 Dungeon Crawl Stone Soup version 0.17-a0-1850-g688e747 (webtiles) character file.

22835 Goblin1989 the Archer (level 12, -3/110 HPs)
             Began as a Centaur Hunter on Aug 29, 2015.
             Was a High Priest of Okawaru.
             Slain by a death yak (21 damage)
             ... on level 4 of the Lair of Beasts on Sept 18, 2015.
             The game lasted 01:50:13 (23456 turns).

Goblin1989 the Archer (Centaur Hunter)             Turns: 23456, Time: 01:50:14

Health: -3/110     AC: 17    Str: 15    XL:     12   Next: 66%
Magic:  12/12      EV: 12    Int: 10    God:    Okawaru [*****.]
Gold:   919        SH:  0    Dex: 15    Spells: 0 memorised, 11 levels left

rFire  . . .     SeeInvis .     q - +2 trident (venom)
rCold  + . .     Clarity  .     y - +1 ring mail
rNeg   . . .     SustAt   .     (no shield)
rPois  +         Gourm    .     E - +1 helmet
rElec  .         Spirit   .     k - +0 cloak
rCorr  +         Warding  .     (no gloves)
rMut   .         Stasis   .     (no barding)
MR     .....                    m - amulet of resist corrosion
Stlth  +.........               i - ring of poison resistance
                                K - +6 ring of protection (curse)

@: studying Fighting, very quick, not resistant to hostile enchantments, very
unstealthy
A: hooves 3, cold resistance 1, deformed body, speed 2, tough skin 3
a: Heroism, Finesse, Renounce Religion


You were on level 4 of the Lair of Beasts.
You worshipped Okawaru.
Okawaru was extremely pleased with you.
You were very hungry.

You visited 3 branches of the dungeon, and saw 14 of its levels.
You also visited: Ossuary.

You collected 919 gold pieces.

Inventory:

Hand weapons
 a - a +1 shortbow
 h - a +1 spear of freezing
 q - a +2 trident of venom (weapon)
 O - a +1 glaive of freezing
Missiles
 b - 97 arrows (quivered)
 o - 35 poisoned arrows
 A - 50 arrows of flame
 N - 13 arrows of dispersal
Armour
 k - a +0 cloak (worn)
 y - a +1 ring mail (worn)
 E - a +1 helmet (worn)
Jewellery
 i - a ring of poison resistance (right hand)
 m - an amulet of resist corrosion (around neck)
 n - an uncursed ring of protection from fire
 F - the ring of the Kraken {rF- Int+5 SInv}
   (You found it on level 1 of the Lair of Beasts)

   [ring of see invisible]

   It affects your intelligence (+5).
   It makes you vulnerable to fire.
   It lets you see invisible.
 J - an uncursed amulet of resist mutation
 K - a cursed +6 ring of protection (left hand)
Magical devices
 s - a wand of random effects (10)
 t - a wand of polymorph (3)
 x - a wand of fireball (0)
 z - a wand of digging (5)
 G - a wand of lightning (9)
 S - a wand of fireball (9)
Scrolls
 C - 4 scrolls of remove curse
 D - 3 scrolls of amnesia
 I - a scroll of teleportation
 L - a scroll of fear
 P - a scroll of enchant weapon
Potions
 c - 2 potions of flight
 f - 3 potions of might
 g - 7 potions of curing
 j - 2 potions of heal wounds
 p - 4 potions of agility
 r - a potion of resistance
 v - a potion of cancellation
 H - 4 potions of haste
 T - 2 potions of invisibility
Books
 M - a manual of Fighting
Comestibles
 d - 7 royal jellies
 e - 5 bread rations
 l - 6 meat rations
 w - 3 beef jerkies
 R - 4 fruits


   Skills:
 - Level 11.0 Fighting
 * Level 9.7 Polearms
 - Level 14.1 Bows
 - Level 7.1 Armour
 + Level 6.4 Dodging
 - Level 0.5 Stealth
 - Level 1.0 Invocations


You had 11 spell levels left.
You didn't know any spells.

Dungeon Overview and Level Annotations

Branches:
Dungeon (8/15)             Temple (1/1) D:4            Lair (5/8) D:8
  Snake (0/4) Lair:3
  Swamp: Lair:3-6    Shoals: Lair:3-6

Altars:
Cheibriados
Dithmenos
Elyvilon
Fedhas
Gozag
Kikubaaqudgha
Makhleb
Nemelex Xobeh
Okawaru
Qazlal
Ru
Sif Muna
Trog
Vehumet
Xom
The Shining One

Shops:
D:4 %

Annotations:
D:5 Menkaure
Lair:4 Kirke


Innate Abilities, Weirdness & Mutations

You have hooves in place of feet.
Armour fits poorly on your strangely shaped body.
You cover ground very quickly.
You have extremely tough skin (AC +3).
Your flesh is cold resistant.


Message History

You hit the death yak but do no damage.
The death yak is heavily wounded.
The death yak gores you!
* * * LOW HITPOINT WARNING * * *
You hit the death yak but do no damage.
You kick the death yak, but do no damage.
The death yak is heavily wounded.
You barely miss the death yak. You kick the death yak.
The death yak is severely wounded.
The death yak gores you.
* * * LOW HITPOINT WARNING * * *
You hit the death yak.
You kick the death yak, but do no damage.
The death yak is severely wounded.
The death yak gores you but does no damage.
You hit the death yak but do no damage.
You kick the death yak, but do no damage.
The death yak is severely wounded.
The death yak gores you!!
You die...

#.....#.# #.
##......## ##
##.....P# ##
#......## #.
###.....## #.
##.....## ##
##.....## #
###....### #
#.....#@# ###
####.PY####
#.# #......##
##. ###....P#
## #...Y.###
# ###..Y...#
#
#.......####
#
###.#....#.##
#
####......##
#


You could see a death yak.

Vanquished Creatures
  A hydra (Lair:4)
  A death yak (Lair:4)
  A griffon (Lair:3)
  3 black mambas
  A torpor snail (Lair:4)
  8 spiny frogs
  3 komodo dragons
  A fire drake (Lair:3)
  A two-headed ogre (D:8)
  17 blink frogs
  2 vampire mosquitoes (Lair:4)
  8 wolves (Lair:2)
  A basilisk (Lair:4)
  5 hogs
  A wyvern (D:8)
  24 yaks
  A steam dragon (Lair:4)
  A soldier ant (D:8)
  6 hippogriffs
  4 insubstantial wisps (Lair:3)
  6 water moccasins
  An orc warrior (D:6)
  12 porcupines
  A wasp (D:8)
  7 ogres
  A swamp drake (Lair:4)
  An ice beast (D:6)
  8 crocodiles
  A centaur (D:6)
  A wyvern zombie (D:8)
  12 giant frogs
  3 scorpions
  4 killer bees (D:7)
  A giant frog zombie (D:5)
  5 crimson imps
  5 hounds
  3 orc wizards
  An orc priest (D:6)
  A giant frog skeleton (D:6)
  4 iguanas
  5 worker ants
  2 centaur skeletons (D:7)
  A big kobold zombie (Ossuary)
  A hound skeleton (D:8)
  8 mummies (Ossuary)
  11 gnolls
  9 adders
  A shadow imp (D:8)
  48 river rats
  2 oozes (D:3)
  4 worms
  8 giant geckos
  11 orcs
  2 ball pythons
  10 bats
  5 goblins
  5 hobgoblins
  12 jackals
  6 kobolds
  6 quokkas
  2 giant cockroaches
  3 giant newts
  2 goblin zombies (D:4)
  6 hobgoblin zombies
  A jackal zombie (D:7)
  2 kobold skeletons (D:4)
  3 kobold zombies (Ossuary)
  An orc skeleton (D:4)
  7 orc zombies
  6 rats
  2 fungi
  2 plants
362 creatures vanquished.

Vanquished Creatures (others)
  27 fungi
  8 plants (Lair:3)
35 creatures vanquished.

Grand Total: 397 creatures vanquished

Notes
Turn   | Place    | Note
--------------------------------------------------------------
     0 | D:1      | Goblin1989 the Centaur Hunter began the quest for the Orb.
     0 | D:1      | Reached XP level 1. HP: 17/17 MP: 1/1
   202 | D:1      | Reached XP level 2. HP: 21/26 MP: 2/2
   484 | D:1      | Reached skill level 1 in Polearms
   487 | D:1      | Reached XP level 3. HP: 26/31 MP: 3/3
  1078 | D:2      | Reached XP level 4. HP: 30/38 MP: 4/4
  1406 | D:2      | Found a sacrificial altar of Ru.
  2576 | D:4      | Reached XP level 5. HP: 42/45 MP: 5/5
  2638 | D:4      | Found a staircase to the Ecumenical Temple.
  2643 | Temple   | Entered the Ecumenical Temple
  2673 | Temple   | Became a worshipper of Warmaster Okawaru
  2928 | D:4      | Noticed an ogre
  2968 | D:4      | Killed an ogre
  2968 | D:4      | Reached XP level 6. HP: 51/51 MP: 6/6
  3072 | D:4      | Found Nomit's Food Emporium.
  3094 | D:4      | Reached skill level 5 in Polearms
  3344 | D:4      | Acquired Okawaru's first power
  3547 | D:4      | Found a glowing golden altar of the Shining One.
  3846 | D:5      | Entered Level 5 of the Dungeon
  3927 | D:5      | Noticed Menkaure
  4087 | D:4      | Reached skill level 1 in Invocations
  4156 | D:5      | Reached skill level 6 in Polearms
  4168 | D:4      | Reached XP level 7. HP: 39/57 MP: 7/7
  4626 | D:6      | Reached skill level 7 in Polearms
  5395 | D:6      | Reached skill level 5 in Fighting
  5395 | D:6      | Reached XP level 8. HP: 63/68 MP: 8/8
  6362 | D:7      | Found a sand-covered staircase.
  6368 | Ossuary  | Entered an ossuary
  6828 | D:7      | Reached skill level 8 in Fighting
  6848 | D:7      | Gained mutation: Your flesh is cold resistant. [potion of beneficial mutation]
  7253 | D:6      | Upgraded the game from 0.17-a0-1731-g129c023 to 0.17-a0-1741-gd5e8965
  7393 | D:7      | Reached XP level 9. HP: 76/81 MP: 9/9
  7992 | D:7      | Found a bloodstained altar of Trog.
  7994 | D:7      | Found a white marble altar of Elyvilon.
  8026 | D:7      | Found a deep blue altar of Sif Muna.
  8075 | D:8      | Reached skill level 1 in Armour
  8689 | D:8      | Found a staircase to the Lair.
  9317 | Lair:1   | Entered Level 1 of the Lair of Beasts
  9506 | D:8      | Received a gift from Okawaru
  9954 | D:8      | Reached skill level 9 in Bows
 10002 | D:8      | Reached XP level 10. HP: 47/88 MP: 10/10
 11114 | Lair:1   | Noticed a spiny frog
 11192 | Lair:1   | Killed a spiny frog
 11616 | Lair:1   | Got a transparent tin ring
 11669 | Lair:1   | Identified the ring of the Kraken {rF- Int+5 SInv} (You found it on level 1 of the Lair of Beasts)
 12349 | Lair:1   | Noticed a spiny frog
 12409 | Lair:1   | Killed a spiny frog
 12409 | Lair:1   | Reached skill level 5 in Dodging
 13182 | Lair:1   | Received a gift from Okawaru
 13370 | Lair:2   | Reached skill level 5 in Armour
 13438 | Lair:2   | Noticed a black mamba
 13450 | Lair:2   | Killed a black mamba
 13825 | Lair:2   | Received a gift from Okawaru
 14155 | Lair:2   | Acquired Okawaru's second power
 14155 | Lair:2   | Reached XP level 11. HP: 49/95 MP: 11/11
 15069 | Lair:2   | Noticed a black mamba
 15087 | Lair:2   | Killed a black mamba
 15087 | Lair:2   | Received a gift from Okawaru
 15106 | Lair:2   | Upgraded the game from 0.17-a0-1741-gd5e8965 to 0.17-a0-1763-g847a857
 15912 | Lair:3   | HP: 3/97 [komodo dragon (18)]
 16316 | Lair:3   | Upgraded the game from 0.17-a0-1763-g847a857 to 0.17-a0-1850-g688e747
 16657 | Lair:3   | Received a gift from Okawaru
 16686 | Lair:3   | Found a staircase to the Snake Pit.
 16886 | Lair:3   | Reached skill level 10 in Fighting
 17075 | Lair:3   | Received a gift from Okawaru
 17761 | Lair:3   | Noticed an eight-headed hydra
 18026 | Lair:3   | Reached skill level 10 in Bows
 18033 | Lair:3   | Received a gift from Okawaru
 18642 | Lair:3   | Reached skill level 11 in Bows
 19794 | Lair:4   | Reached XP level 12. HP: 95/107 MP: 12/12
 20424 | Lair:4   | Reached skill level 12 in Bows
 21218 | Lair:4   | Reached skill level 13 in Bows
 21233 | Lair:4   | Received a gift from Okawaru
 21798 | Lair:4   | Reached skill level 14 in Bows
 21859 | Lair:4   | Noticed a five-headed hydra
 21908 | Lair:4   | Killed a five-headed hydra
 22635 | Lair:5   | Noticed Kirke
 22882 | Lair:4   | Received a gift from Okawaru
 23456 | Lair:4   | Slain by a death yak

Vault maps used:
D:1:      dpeg_arrival_pond
D:2:      nicolae_ru_the_path_less_chosen, st_stairs_3
D:4:      temple_doors_c, first_bread, serial_shops, shop_statue,
          nicolae_tso_besieged_by_evil
D:5:      lemuel_zombie_altar_yredelemnul, kennysheep_generic_room_12,
          uniq_menkaure
D:6:      roderic_lattice_a
D:7:      nicolae_overflow_hidden_temple, nicolae_ossuary_entry_plus
D:8:      lair_0_dummy, hangedman_pestilent_swarm
Temple:   triangle_lava_temple_12
Lair:1:   beast_lair_carwin_1
Lair:3:   dummy_snake_entry
Lair:4:   pond
Lair:5:   minmay_swamp_entry_reptiles, grunt_forest_large_clearing_hut,
          bh_autumn_forest_stairs, uniq_snorg, uniq_nessos, uniq_kirke
Ossuary:  ossuary_tomb_3

Action                   |  1- 3 |  4- 6 |  7- 9 | 10-12 || total
-------------------------+-------+-------+-------+-------++-------
Melee: Short sword       |    20 |       |       |       ||    20
       Spear             |    74 |   225 |    99 |    18 ||   416
       Trident           |       |       |   279 |   964 ||  1243
       Unarmed           |       |       |       |    11 ||    11
       Shortbow          |       |       |       |     1 ||     1
 Fire: Shortbow          |     9 |    25 |   110 |   317 ||   461
Invok: Heroism           |       |       |     1 |     3 ||     4
Evoke: Wand              |       |       |       |     8 ||     8
  Use: Scroll            |     1 |     9 |    10 |    10 ||    30
       Potion            |       |       |     3 |     5 ||     8
  Eat: Chunk             |       |     7 |    10 |    22 ||    39
       Pizza             |       |     1 |       |     1 ||     2
       Royal jelly       |       |       |     1 |     4 ||     5
       Bread ration      |       |       |     1 |       ||     1
       Fruit             |       |       |       |     5 ||     5
       Beef jerky        |       |       |       |     1 ||     1
